 Dungeon Crawl Stone Soup version 0.28.0-53-g5a82cb258f (webtiles) character file.

Game seed: 5770296650018218937

2 eooof the Ducker (level 1, -6/10 HPs)
             Began as a Felid Chaos Knight on June 29, 2022.
             Was a Plaything of Xom.
             Mangled by a worm (9 damage)
             ... on level 2 of the Dungeon.
             The game lasted 00:00:54 (66 turns).

eooof the Ducker (Felid Chaos Knight)                 Turns: 66, Time: 00:00:54

Health: -6/10      AC:  1    Str:  8    XL:     1   Next: 33%
Magic:  2/2        EV: 17    Int: 13    God:    Xom [..*...]
Gold:   0          SH:  0    Dex: 15    Spells: 0/0 levels left
                                        Lives:  0   Deaths: 0

rFire   . . .      SeeInvis +     - Unarmed
rCold   . . .      Faith    .   (shield unavailable)
rNeg    . . .      Spirit   .   (armour unavailable)
rPois   .          Reflect  .   (helmet unavailable)
rElec   .          Harm     .   (cloak unavailable)
rCorr   .          Rampage  .   (gloves unavailable)
Will    .....                   (boots unavailable)
Stlth   +.........              (no amulet)
HPRegen 0.03/turn               (no ring)
MPRegen 0.08/turn               (no ring)

@: quick
A: very small, claws 1, fangs 3, see invisible, speed 1, shaggy fur 1, stealthy
paws, no weapons or thrown items, no armour, multi-lived
a: Renounce Religion


You were on level 2 of the Dungeon.
You worshipped Xom.
You were a toy of Xom.
You visited 1 branch of the dungeon, and saw 2 of its levels.

Inventory:

Scrolls
 b - a scroll of blinking


   Skills:
 * Level 3.0 Fighting
 + Level 3.2 Dodging
 + Level 0.2 Stealth
 * Level 3.0 Unarmed Combat


You couldn't memorise any spells.
You didn't know any spells.
Your spell library was empty.

Dungeon Overview and Level Annotations

Branches:
Dungeon (2/15)

Altars:


Innate Abilities, Weirdness & Mutations

You have sharp claws.
You have razor-sharp teeth.
You have supernaturally acute eyesight. (SInv)
You cover ground quickly. (Speed+)
You are covered in fur. (AC +1)
Your paws help you pounce on unaware monsters.
You are incapable of wielding weapons or throwing items.
You cannot wear armour.
You gain extra lives every three experience levels.


Message History

Found a ring mail.
The endoplasm barely misses you.
You scratch the endoplasm.
The endoplasm is severely wounded.
The endoplasm barely misses you.
You scratch the endoplasm.
You kill the endoplasm!
The goblin completely misses you. The goblin hits you with a +0 dagger.
You scratch the goblin.
The goblin is heavily wounded.
The goblin closely misses you.
You barely miss the goblin.
The goblin is heavily wounded.
The goblin misses you.
You closely miss the goblin.
The goblin is heavily wounded.
The goblin hits you with a +0 dagger.
* * * LOW HITPOINT WARNING * * *
You closely miss the goblin.
The goblin is moderately wounded.
The goblin closely misses you.
You scratch the goblin.
You kill the goblin!
You see here a +0 dagger.
You see here a +0 flail.
Found a stone staircase leading down.
Found 10 gold pieces.
A worm comes into view.
An adder and a ball python come into view.
Found a falchion.
Found a sedimented yellow potion.
You claw the worm! You claw the worm.
The worm is heavily wounded.
You scratch the worm.
The worm is severely wounded.
The worm bites you!
Ouch! That really hurt!
You die...
Xom giggles madly!

.#.#.###....##
>.......)).## S# #.
#..........###.# .## ...
#..............##..##..#
........########...#...!
#####...................
##...#####..........
.......#.##.....>.S.....
.......#........@w....).
........................
..........#............#
..........#.....###.#..#
.......##.......# .# ..
.#####. ###.....# # . ##
#....... #.....##


You could see a worm, an adder and a ball python (asleep).

Vanquished Creatures
  An endoplasm (D:2)
  A goblin (D:2)
2 creatures vanquished.

Notes
Turn   | Place    | Note
-------+----------+-------------------------------------------
     0 | D:1      | eooof the Felid Chaos Knight began the quest for the Orb.
     0 | D:1      | Reached XP level 1. HP: 10/10 MP: 2/2
    66 | D:2      | Mangled by a worm

Illustrated notes

Levels and vault maps discovered:
D:1:      wander_arrival_desolate, layout_rooms
D:2:      layout_rooms, shapermc_ecumenical_altar_hornbeckon,
          uniq_crazy_yiuf_cottage

Action                   || total
-------------------------++-------
Melee: Unarmed           ||     9
       Punch             ||     1
  Use: Scroll            ||     1
Dodge: Dodged            ||     6
